Map: Eternal Empire LE

Players

MaSa

  • Race: Terran Terran
  • League: Master
  • Spawn Location: 1:00

Robbie (Rob) - Winner!

  • Race: Protoss Protoss
  • League: Grandmaster
  • Spawn Location: 7:00

Event: DreamHack SC2 Masters 2020 Fall

VOD

Have the link to the VOD?

Description

Time

  • Played on: Sept. 5, 2020, 6:25 p.m.
  • Length: 10:13

All games in this series

Show
View Real Time Build Order
Export as new Build Order

MaSa Terran 

Build Orders: Reaper Expand, Mech, Banshee Rush 

Get SALT Encoding   

  12  0:00  SCV  
  13  0:12  SCV  
  14  0:16  Supply Depot  
  14  0:24  SCV  
  15  0:38  SCV  
  15  0:39  Barracks  
  16  0:44  Refinery  
  16  0:50  SCV  
  17  1:02  SCV  
  18  1:14  SCV  
  19  1:27  Orbital Command, Reaper  
  20  1:42  Command Center  
  20  1:52  SCV  
  21  1:54  Supply Depot  
  21  1:58  Marine  
  22  2:05  SCV  
  23  2:08  Factory  
  23  2:15  Refinery  
  23  2:17  SCV  
  23  2:20  Barracks Reactor  
  24  2:32  Bunker, SCV  
  25  2:44  SCV  
  26  2:52  Starport  
  26  2:54  Factory Tech Lab  
  26  2:55  Orbital Command  
  26  2:57  SCV  
  27  3:00  Marine  
  27  3:03  Marine  
  29  3:09  SCV  
  30  3:17  Marine  
  31  3:21  SCV x2, Marine  
  34  3:32  Factory Tech Lab  
  34  3:33  SCV  
  34  3:35  Marine  
  34  3:36  Banshee  
  34  3:38  Cloaking Field  
  34  3:39  Marine  
  34  3:40  SCV  
  40  3:45  SCV  
  40  3:46  Supply Depot  
  41  3:52  SCV  
  41  3:53  Marine  
  43  3:56  Marine  
  43  3:57  SCV  
  43  4:01  Supply Depot  
  45  4:04  Refinery  
  45  4:08  Siege Tank  
  45  4:09  Supply Depot  
  48  4:10  SCV  
  48  4:11  Marine  
  50  4:18  SCV  
  50  4:19  Banshee  
  54  4:26  SCV  
  54  4:27  Supply Depot  
  55  4:32  Supply Depot  
  55  4:35  SCV  
  58  4:39  SCV  
  58  4:41  Siege Tank  
  62  4:47  SCV  
  62  4:52  Command Center  
  61  4:54  SCV  
  62  5:01  SCV  
  62  5:02  Banshee  
  66  5:11  SCV  
  66  5:13  Refinery, Siege Tank, SCV  
  71  5:17  Marine  
  69  5:22  Marine  
  67  5:34  SCV  
  67  5:35  Marine  
  65  5:40  Marine  
  65  5:45  Siege Tank  
  65  5:48  Banshee  
  71  5:52  SCV, Marine  
  73  5:58  Marine  
  73  6:00  SCV  
  72  6:04  SCV  
  72  6:06  Orbital Command  
  72  6:09  Factory  
  72  6:10  Factory  
  73  6:13  SCV  
  73  6:15  Supply Depot  
  73  6:16  SCV  
  75  6:19  Siege Tank  
  75  6:25  SCV  
  73  6:28  SCV  
  73  6:29  Marine x2  
  73  6:31  Banshee  
  74  6:33  SCV  
  74  6:34  Hyperflight Rotors  
  74  6:37  SCV  
  76  6:40  SCV  
  76  6:43  Supply Depot  
  74  6:47  Marine x2  
  74  6:50  SCV  
  68  6:57  Hellion x2  
  70  7:02  Siege Tank  
  70  7:05  Marine x2  
  70  7:06  SCV  
  66  7:18  Hellion, SCV  
  66  7:22  Hellion  
  64  7:23  Marine  
  64  7:24  Marine  
  64  7:29  SCV  
  56  7:33  SCV  
  47  7:40  Marine  
  36  8:13  SCV  
  36  8:17  Banshee  
  36  8:18  SCV  
  39  8:25  SCV  
  39  8:26  Hellion x2  
  43  8:38  SCV  
  43  8:47  Hellion x2, Marine x2  
  45  8:50  SCV  
  45  8:52  Siege Tank, Supply Depot  
  45  8:54  Supply Depot  
  48  8:59  Orbital Command  
  48  9:02  SCV  
  49  9:07  Command Center  
  49  9:08  Marine x2  
  51  9:14  SCV  
  45  9:19  Hellion  
  34  9:26  SCV x2  
  23  9:38  SCV x2  
  23  9:42  Marine  
  23  9:50  SCV x2  
Show
View Real Time Build Order
Export as new Build Order

Robbie Protoss - Winner!

Build Orders: 1 Gate Expand, Blink Stalkers 

Get SALT Encoding   

  12  0:00  Probe  
  13  0:12  Probe  
  14  0:19  Pylon  
  14  0:24  Probe  
  15  0:38  Probe (Chrono Boost)  
  15  0:39  Gateway  
  16  0:46  Probe (Chrono Boost)  
  17  0:50  Assimilator  
  17  0:52  Probe  
  18  1:04  Probe  
  19  1:16  Probe  
  20  1:27  Cybernetics Core  
  20  1:28  Probe  
  21  1:37  Nexus  
  21  1:41  Probe  
  22  1:50  Pylon  
  22  1:54  Probe  
  23  2:00  Assimilator  
  23  2:06  Warp Gate  
  23  2:07  Adept (Chrono Boost)  
  23  2:10  Probe  
  26  2:22  Probe (Chrono Boost)  
  27  2:30  Stalker  
  27  2:34  Probe (Chrono Boost)  
  29  2:39  Probe (Chrono Boost)  
  30  2:49  Twilight Council, Probe (Chrono Boost)  
  32  2:54  Probe (Chrono Boost)  
  32  2:58  Probe (Chrono Boost)  
  33  3:02  Probe (Chrono Boost)  
  33  3:03  Probe (Chrono Boost)  
  35  3:11  Stalker  
  35  3:12  Robotics Facility, Probe  
  38  3:15  Probe  
  39  3:24  Probe  
  40  3:27  Probe  
  40  3:33  Gateway  
  41  3:35  Blink (Chrono Boost), Gateway  
  41  3:37  Gateway  
  41  3:46  Probe  
  42  3:48  Probe  
  42  3:53  Pylon  
  43  3:57  Stalker  
  45  4:07  Probe  
  46  4:10  Warp Prism, Pylon  
  48  4:19  Probe  
  48  4:21  Stalker  
  51  4:30  Stalker x2  
  55  4:31  Stalker  
  55  4:36  Pylon  
  57  4:44  Stalker  
  59  4:47  Observer  
  59  4:48  Shield Battery  
  60  4:56  Nexus  
  60  4:58  Pylon  
  60  5:02  Stalker  
  58  5:10  Stalker  
  59  5:15  Probe  
  59  5:22  Probe  
  59  5:27  Probe  
  57  5:38  Stalker x3  
  57  5:42  Stalker  
  65  5:46  Probe x2  
  59  5:58  Probe  
  59  5:59  Probe  
  59  6:03  Stalker  
  59  6:04  Stalker  
  62  6:06  Stalker  
  62  6:08  Zealot  
  64  6:17  Probe x2  
  64  6:21  Probe  
  63  6:29  Probe  
  63  6:32  Stalker x2  
  66  6:34  Zealot, Stalker  
  66  6:36  Probe  
  66  6:37  Probe  
  66  6:38  Shield Battery  
  72  6:49  Probe  
  63  6:58  Zealot x2, Stalker x2  
  63  7:00  Probe x2  
  71  7:12  Probe  
  71  7:13  Probe  
  69  7:19  Zealot x2  
  69  7:21  Zealot  
  69  7:22  Zealot  
  77  7:25  Probe x2  
  77  7:28  Probe  
  74  7:37  Probe x2  
  74  7:42  Probe  
  74  7:44  Stalker x4  
  77  7:49  Probe  
  77  7:50  Probe  
  79  7:54  Probe  
  78  8:01  Probe  
  78  8:02  Probe  
  80  8:06  Probe  
  80  8:07  Stalker x4  
  85  8:14  Probe x2  
  85  8:19  Probe  
  84  8:26  Probe  
  79  8:28  Probe  
  79  8:33  Stalker x3  
  84  8:35  Zealot  
  84  8:38  Probe  
  85  8:50  Probe  
  85  8:51  Gateway  
  85  8:52  Gateway  
  85  8:54  Gateway  
  86  8:56  Nexus, Gateway  
  86  8:57  Zealot x3  
  86  8:59  Gateway  
  86  9:01  Pylon  
  86  9:02  Probe  
  93  9:04  Pylon  
  93  9:15  Stalker  
  89  9:18  Zealot x2  
  89  9:23  Zealot  
  89  9:24  Zealot x2  
  85  9:42  Stalker  
  83  9:47  Stalker x3  

Tags
 
Add a new tag
Caveats
  • Supply blocks, unpowered buildings, or Contaminate may cause inaccurate times.
  • Supply counts are checked every 10 seconds.